[Event "Titled Tuesday Blitz May 16 Late 2023"]
[White "FuenfgegenWilly"]
[Black "ritanovikova"]
[WhiteElo "2364"]
[BlackElo "2135"]
[Result "0-1"]
[Round "05"]
[TimeControl "180+2"]
[Date "2023.05.16"]
[WhiteClock "0:00:11"]
[BlackClock "0:00:15"]

1. d4 e5 2. dxe5 Nc6 3. Nf3 Qe7 4. Nc3 Nxe5 5. Nxe5 Qxe5 6. e4 Nf6 7. f4 Qa5 8. e5 Ne4 9. Bd3 Nxc3 10. bxc3 Qxc3+ 11. Bd2 Qd4 12. Rb1 Bc5 13. Qf3 O-O 14. c3 Qa4 15. Qh5 g6 16. Qh6 Qc6 17. h4 d6 18. Kd1 Qxg2 19. Kc2 Be3 20. Rhd1 Bg4 21. h5 Bxh5 22. Kc1 Bc5 23. Re1 Ba3+ 24. Kc2 dxe5 25. Be4 Qf2 26. Rf1 Qe2 27. Rfe1 Qc4 28. Rb3 Bd6 29. Bd3 Qa4 30. fxe5 Qxa2+ 31. Rb2 Qa4+ 32. Kb1 Ba3 33. Bg5 Rfd8 34. Bc2 Qa5 35. Bxd8 Rxd8 36. Rb3 Bf8 37. Qe3 b6 38. e6 fxe6 39. Qxe6+ Kh8 40. Rf1 Bg7 41. Qe7 Rg8 42. Rb4 Qc5 43. Bb3 Qxe7 44. Bxg8 Kxg8 45. Rd1 h6 46. Rd2 Bf3 47. Ka2 Bxc3 48. Ka3 Bxb4+ 49. Ka2 Bxd2 50. Ka1 h5 51. Ka2 h4 52. Ka1 h3 53. Ka2 h2 54. Ka1 g5 55. Ka2 g4 56. Ka1 h1=Q+ 57. Ka2 Qe6+ 58. Kb2 Qc1# 0-1


[Site "https://www.chess.com"]

[Event "Titled Tuesday Blitz May 16 Late 2023"]
[White "Martinez, Ayelen"]
[Black "Bryant, Todd"]
[WhiteFideId "118702"]
[BlackFideId "2031299"]
[WhiteElo "2125"]
[BlackElo "2360"]
[Result "0-1"]
[Round "05"]
[TimeControl "180+2"]
[Date "2023.05.16"]
[WhiteClock "0:00:00"]
[BlackClock "0:00:07"]

1. e4 c5 2. d4 cxd4 3. c3 Nf6 4. e5 Nd5 5. Nf3 Nc6 6. Bc4 Nb6 7. Bb3 d5 8. exd6 Qxd6 9. O-O Be6 10. Bxe6 Qxe6 11. Re1 Qd7 12. cxd4 Rd8 13. Nc3 Nxd4 14. Nxd4 Qxd4 15. Qxd4 Rxd4 16. Nb5 Rd7 17. Bf4 Nd5 18. Nd6+ Rxd6 19. Bxd6 Kd7 20. Bb8 a6 21. Red1 e6 22. Rac1 Bd6 23. Bxd6 Kxd6 24. Rc3 Re8 25. Rb3 Re7 26. g3 Rc7 27. Kg2 b5 28. a4 bxa4 29. Rb6+ Ke5 30. Rxa6 Rc2 31. Kf3 Rxb2 32. Rxa4 Rb3+ 33. Kg4 f5+ 34. Kh3 Rf3 35. Kg2 Rb3 36. Re1+ Kf6 37. Ra6 Rb6 38. Rxb6 Nxb6 39. Rb1 Nd5 40. Rb7 h6 41. h4 g5 42. h5 g4 43. f4 gxf3+ 44. Kxf3 Kg5 45. Ra7 e5 46. Ra5 e4+ 47. Kf2 Nf6 48. Ke3 Ng4+ 49. Kd4 Nf6 50. Ke5 Nxh5 51. Ke6 Nxg3 52. Rb5 e3 53. Re5 e2 54. Re3 f4 55. Re5+ Kg4 56. Kf6 Kf3 0-1


[Site "https://www.chess.com"]

[Event "Titled Tuesday Blitz May 16 Late 2023"]
[White "Marcziter, Dmitrii"]
[Black "Chessadiction1990"]
[WhiteFideId "13900765"]
[WhiteElo "2162"]
[BlackElo "2131"]
[Result "0-1"]
[Round "05"]
[TimeControl "180+2"]
[Date "2023.05.16"]
[WhiteClock "0:00:11"]
[BlackClock "0:00:14"]

1. d4 d5 2. c4 dxc4 3. e4 b5 4. a4 c6 5. axb5 cxb5 6. b3 e5 7. Nf3 exd4 8. bxc4 Bb4+ 9. Bd2 Qe7 10. Qe2 bxc4 11. Nxd4 Bb7 12. Nf5 Bxd2+ 13. Nxd2 Qf6 14. Rb1 Ba6 15. Qe3 Ne7 16. Nxc4 Nxf5 17. exf5+ Kf8 18. Be2 Nc6 19. Qc5+ Kg8 20. O-O h6 21. Bf3 Rc8 22. Nd6 Rc7 23. Bxc6 Bxf1 24. Rxf1 Kh7 25. Rc1 Rd8 26. Ne4 Qb2 27. h3 Rdc8 28. Rc2 Qb1+ 29. Rc1 Qb6 30. Qe5 Rxc6 31. Rxc6 Qxc6 32. f6 Qc1+ 33. Kh2 Qc7 34. f4 Qxe5 35. fxe5 gxf6 36. exf6 a5 37. Nd6 Rc7 38. Ne8 Ra7 39. Nd6 a4 40. Nb5 a3 41. Nxa3 Rxa3 42. g4 Rf3 43. h4 Rxf6 44. g5 Ra6 45. Kg3 hxg5 46. hxg5 Kg6 47. Kf4 Ra4+ 48. Ke5 Kxg5 49. Kd5 f5 50. Kc5 f4 51. Kb5 Re4 52. Kc5 Kf5 53. Kd6 f3 54. Kd7 f2 55. Kd8 f1=Q 56. Kc7 Qd1 0-1


[Site "https://www.chess.com"]

[Event "Titled Tuesday Blitz May 16 Late 2023"]
[White "Stead, Kerry"]
[Black "Carrasco Miranda, Andres"]
[WhiteFideId "3202577"]
[BlackFideId "3405990"]
[WhiteElo "1997"]
[BlackElo "2183"]
[Result "0-1"]
[Round "05"]
[TimeControl "180+2"]
[Date "2023.05.16"]
[WhiteClock "0:01:55"]
[BlackClock "0:02:19"]

1. d4 Nf6 2. f3 d5 3. e4 dxe4 4. Nc3 exf3 5. Nxf3 g6 6. Bc4 Bg7 7. O-O O-O 8. Qe1 Nc6 9. Be3 e6 10. Qh4 Nd5 11. Qxd8 Rxd8 12. Nxd5 exd5 13. Bb5 Nb4 14. Rf2 Bf5 15. c3 Nc2 16. Rxc2 Bxc2 17. Bg5 f6 18. Bh4 c6 19. Bf1 Re8 20. Rc1 Be4 21. Nd2 Bf5 22. Nb3 b6 23. a4 a5 24. Nd2 Bh6 0-1


[Site "https://www.chess.com"]

[Event "Titled Tuesday Blitz May 16 Late 2023"]
[White "Stachanczyk, Jacek"]
[Black "Dmitriev, Sergey"]
[WhiteFideId "1116657"]
[BlackFideId "14101785"]
[WhiteElo "2084"]
[BlackElo "2132"]
[Result "1-0"]
[Round "05"]
[TimeControl "180+2"]
[Date "2023.05.16"]
[WhiteClock "0:01:59"]
[BlackClock "0:01:57"]

1. e4 d6 2. d4 g6 3. Nc3 Bg7 4. f4 e6 5. Nf3 Ne7 6. e5 dxe5 7. fxe5 O-O 8. Ne4 b6 9. Bg5 h6 10. Nf6+ Kh8 11. Bh4 g5 12. Nxg5 Bxf6 13. exf6 Ng6 14. Qh5 Nxh4 15. Qxh6+ Kg8 16. Qh7# 1-0


[Site "https://www.chess.com"]

[Event "Titled Tuesday Blitz May 16 Late 2023"]
[White "Ansh M Shah"]
[Black "Levar, Nenad"]
[WhiteFideId "25033379"]
[BlackFideId "14504430"]
[WhiteElo "2084"]
[BlackElo "2095"]
[Result "1-0"]
[Round "05"]
[TimeControl "180+2"]
[Date "2023.05.16"]
[WhiteClock "0:00:25"]
[BlackClock "0:00:43"]

1. d4 Nf6 2. c4 e6 3. g3 d5 4. Bg2 Be7 5. Nf3 O-O 6. O-O Nbd7 7. Nbd2 c6 8. Qc2 b6 9. e4 Bb7 10. Rd1 dxe4 11. Nxe4 c5 12. Nxf6+ Bxf6 13. dxc5 bxc5 14. Bf4 Qc8 15. Rd2 Bd8 16. Rad1 Nb6 17. Rxd8 Rxd8 18. Rxd8+ Qxd8 19. Ng5 Bxg2 20. Qxh7+ Kf8 21. Qh8+ Ke7 22. Qxg7 Qf8 23. Qe5 Rd8 24. Kxg2 Nxc4 25. Qxc5+ Nd6 26. Ne4 Qg7 27. Bxd6+ Ke8 28. Be5 Qg6 29. Nf6+ 1-0


[Site "https://www.chess.com"]

[Event "Titled Tuesday Blitz May 16 Late 2023"]
[White "Chemin, Justo Reinaldo"]
[Black "Stork, Oliver"]
[WhiteFideId "2101580"]
[BlackFideId "12955728"]
[WhiteElo "1940"]
[BlackElo "2239"]
[Result "0-1"]
[Round "05"]
[TimeControl "180+2"]
[Date "2023.05.16"]
[WhiteClock "0:00:00"]
[BlackClock "0:00:10"]

1. d4 Nf6 2. g4 Nxg4 3. e4 d6 4. h3 Nf6 5. Nc3 g6 6. Be3 Bg7 7. Qd2 O-O 8. Nf3 Nc6 9. Bh6 e5 10. Bxg7 Kxg7 11. d5 Ne7 12. O-O-O Bd7 13. h4 h5 14. Ng5 Neg8 15. Be2 Ng4 16. Bxg4 Bxg4 17. f3 Bd7 18. Rdg1 Qf6 19. Nd1 Ne7 20. Nf2 c6 21. dxc6 bxc6 22. Nd3 Rab8 23. b3 Rfc8 24. Rd1 c5 25. Qc3 Nc6 26. Nxc5 Nd4 27. Nxd7 Qf4+ 28. Kb2 Rxc3 29. Nxb8 Rxc2+ 30. Ka3 Qe3 31. Na6 Qc3 32. Nb4 Nb5+ 33. Ka4 a6 34. a3 Nd4 35. Rb1 Rb2 36. Rhc1 Qxb3+ 37. Ka5 Qxa3+ 38. Kb6 Qxb4+ 39. Kc7 Rxb1 0-1


[Site "https://www.chess.com"]

[Event "Titled Tuesday Blitz May 16 Late 2023"]
[White "KVAIDAN"]
[Black "Araujo, Everson De Moura"]
[BlackFideId "22737197"]
[WhiteElo "2379"]
[BlackElo "2035"]
[Result "0-1"]
[Round "05"]
[TimeControl "180+2"]
[Date "2023.05.16"]
[WhiteClock "0:01:38"]
[BlackClock "0:00:34"]

1. f4 d5 2. Nf3 g6 3. e3 Bg7 4. Be2 Nh6 5. O-O O-O 6. d3 c5 7. Qe1 Nc6 8. e4 e5 9. exd5 Qxd5 10. Nc3 Qe6 11. fxe5 Nxe5 12. Nxe5 Qxe5 13. Bxh6 Bxh6 14. Bf3 Qd6 15. Ne4 Qd4+ 16. Kh1 Bf5 17. c3 Qxd3 18. Rd1 Qa6 19. Nd6 Rab8 20. Bd5 Be6 21. Bxe6 fxe6 22. Qxe6+ Kh8 23. Nf7+ Rxf7 24. Qxf7 Rf8 25. Rd8 Rxd8 26. Qf6+ Qxf6 27. Rxf6 Rd1+ 0-1


[Site "https://www.chess.com"]

[Event "Titled Tuesday Blitz May 16 Late 2023"]
[White "Andreassen, Lars"]
[Black "Avalos Parra, Joao"]
[WhiteFideId "1504878"]
[BlackFideId "3402541"]
[WhiteElo "2119"]
[BlackElo "2173"]
[Result "0-1"]
[Round "05"]
[TimeControl "180+2"]
[Date "2023.05.16"]
[WhiteClock "0:00:09"]
[BlackClock "0:00:43"]

1. d4 d5 2. Nf3 Nf6 3. c4 e6 4. Nc3 Bb4 5. Bg5 h6 6. Bxf6 Qxf6 7. e3 c5 8. cxd5 exd5 9. Bb5+ Nc6 10. Ne5 O-O 11. Nxc6 bxc6 12. Be2 cxd4 13. exd4 Re8 14. O-O Bf5 15. Rc1 Bd6 16. Bf3 Rab8 17. b3 Ba3 18. Na4 Bxc1 19. Qxc1 Qxd4 20. Qxc6 Be4 21. Bxe4 dxe4 22. Qc1 e3 23. fxe3 Rxe3 24. Kh1 Rbe8 25. Nb2 Re2 26. Nc4 Rxa2 27. Qb1 Rf2 28. Rd1 Qg4 29. Rg1 Ree2 0-1


[Site "https://www.chess.com"]

[Event "Titled Tuesday Blitz May 16 Late 2023"]
[White "Milovic, Aleksandra"]
[Black "Pavlidou, Ekaterini"]
[WhiteFideId "933988"]
[BlackFideId "4213262"]
[WhiteElo "2000"]
[BlackElo "2126"]
[Result "0-1"]
[Round "05"]
[TimeControl "180+2"]
[Date "2023.05.16"]
[WhiteClock "0:00:10"]
[BlackClock "0:00:11"]

1. e4 c5 2. Nf3 Nc6 3. d4 cxd4 4. Nxd4 e5 5. Nb5 d6 6. N1c3 a6 7. Na3 Be6 8. Be3 b5 9. Nd5 Rb8 10. c3 Nf6 11. Nxf6+ Qxf6 12. Be2 Be7 13. O-O Qg6 14. Bf3 Bg5 15. Bxg5 Qxg5 16. Qxd6 Bd7 17. Rad1 Qe7 18. Nc2 Rd8 19. Ne3 g6 20. Qxe7+ Nxe7 21. Nd5 Nxd5 22. exd5 f5 23. Be2 Rc8 24. Rc1 Ke7 25. b3 Kd6 26. c4 bxc4 27. bxc4 Kc5 28. f3 Ba4 29. Rb1 Rb8 30. Bd3 Kd4 31. Be2 Bc2 32. Rxb8 Rxb8 33. Rc1 Ba4 34. c5 Kxd5 35. Bxa6 Kc6 36. Bd3 Rd8 37. Bb1 Rd2 38. g4 e4 39. gxf5 gxf5 40. fxe4 f4 41. e5 Kd5 42. Re1 Kxc5 43. e6 Be8 44. Be4 Kd6 45. Bxh7 f3 46. Rf1 Bc6 47. Bf5 Rg2+ 48. Kh1 f2 49. Bd3 Rg1# 0-1


[Site "https://www.chess.com"]

[Event "Titled Tuesday Blitz May 16 Late 2023"]
[White "Ward, Ieuan C"]
[Black "Ismayilova, Khanim"]
[WhiteFideId "406627"]
[BlackFideId "13429019"]
[WhiteElo "2291"]
[BlackElo "1633"]
[Result "1-0"]
[Round "05"]
[TimeControl "180+2"]
[Date "2023.05.16"]
[WhiteClock "0:01:14"]
[BlackClock "0:01:48"]

1. e4 c5 2. Nf3 Nc6 3. d4 cxd4 4. c3 dxc3 5. Nxc3 d6 6. Bc4 e6 7. O-O Nf6 8. Qe2 Be7 9. Rd1 O-O 10. e5 Ne8 11. exd6 Bxd6 12. Ne4 Qc7 13. Be3 Be7 14. Rac1 Nf6 15. Bd3 e5 16. Nfg5 Bg4 17. Nxf6+ gxf6 18. Bxh7+ Kh8 19. Qxg4 fxg5 20. Bf5 Kg7 21. Bxg5 Bf6 22. Bh4+ Kh6 23. Bxf6 1-0


[Site "https://www.chess.com"]

[Event "Titled Tuesday Blitz May 16 Late 2023"]
[White "Mirzoev, Azer"]
[Black "Manu_ChessExcelsior"]
[WhiteFideId "13400304"]
[WhiteElo "2525"]
[BlackElo "2060"]
[Result "1-0"]
[Round "05"]
[TimeControl "180+2"]
[Date "2023.05.16"]
[WhiteClock "0:00:11"]
[BlackClock "0:00:04"]

1. c4 e6 2. Nc3 d5 3. e3 Nf6 4. b3 Be7 5. Bb2 O-O 6. Nf3 b6 7. cxd5 exd5 8. d4 Nbd7 9. Bd3 Bb7 10. O-O c5 11. Qe2 Rc8 12. Rfd1 Ne4 13. Rac1 Ndf6 14. dxc5 Nxc5 15. Bf5 Rc6 16. Nd4 Re6 17. Nxe6 fxe6 18. Bh3 Bd6 19. g3 Qe7 20. Bg2 Ba6 21. Qc2 Rc8 22. Qb1 Rf8 23. b4 Ncd7 24. b5 Bb7 25. Ne2 Ng4 26. Rf1 Nde5 27. Nf4 Nc4 28. Rc2 Bc5 29. Nd3 Bd6 30. Qd1 Nxb2 31. Rxb2 Qf6 32. Rc2 Ne5 33. Nxe5 Qxe5 34. Qd3 Qh5 35. a4 Kh8 36. f4 Qf7 37. Kh1 Qe7 38. Re2 Bc5 39. e4 d4 40. e5 Rd8 41. Bxb7 Qxb7+ 42. Qf3 Qxf3+ 43. Rxf3 d3 44. Rd2 Bb4 45. Rdxd3 Rxd3 46. Rxd3 Kg8 47. Kg2 Kf7 48. Kf3 Ke7 49. Ke4 Bc5 50. g4 g5 51. f5 exf5+ 52. gxf5 h5 53. Rd5 Bf2 54. e6 Bg1 55. Rd7+ Ke8 56. h3 Bh2 57. f6 g4 58. hxg4 hxg4 59. Rh7 g3 60. Rh8# 1-0


[Site "https://www.chess.com"]

[Event "Titled Tuesday Blitz May 16 Late 2023"]
[White "Bjelobrk, Igor"]
[Black "rikchessmx"]
[WhiteFideId "4300726"]
[WhiteElo "2319"]
[BlackElo "2223"]
[Result "1-0"]
[Round "05"]
[TimeControl "180+2"]
[Date "2023.05.16"]
[WhiteClock "0:01:02"]
[BlackClock "0:01:26"]

1. d4 Nf6 2. c4 e6 3. g3 d5 4. Nf3 c6 5. Bg2 dxc4 6. O-O b5 7. b3 cxb3 8. Qxb3 a6 9. Rd1 Bb7 10. Nc3 Nbd7 11. Ne5 Rc8 12. a4 Qb6 13. Nxd7 Nxd7 14. Be3 b4 15. a5 Qc7 16. Ne4 Be7 17. Nc5 O-O 18. Qxb4 Rb8 19. Qc3 Nxc5 20. dxc5 Rbd8 21. Bf4 Rxd1+ 22. Rxd1 Bf6 23. Qxf6 Qxa5 24. Qe7 Qa4 25. Rd8 1-0


[Site "https://www.chess.com"]

[Event "Titled Tuesday Blitz May 16 Late 2023"]
[White "Talbi, Chafik"]
[Black "HamedWafa4"]
[WhiteFideId "7903715"]
[WhiteElo "2186"]
[BlackElo "2604"]
[Result "0-1"]
[Round "05"]
[TimeControl "180+2"]
[Date "2023.05.16"]
[WhiteClock "0:00:10"]
[BlackClock "0:00:31"]

1. e4 e5 2. Nf3 Nc6 3. Bb5 a6 4. Ba4 Nf6 5. Nc3 b5 6. Bb3 Be7 7. d3 O-O 8. a4 Na5 9. Ba2 b4 10. Ne2 d6 11. O-O b3 12. cxb3 c5 13. Bd2 Nc6 14. Bc3 Bg4 15. Ng3 Nh5 16. Nxh5 Bxh5 17. h3 Kh8 18. g4 Bg6 19. Bb1 Rb8 20. Bc2 h5 21. Nd2 Bg5 22. Nc4 Bf4 23. gxh5 Bh7 24. Qg4 f5 25. Qg2 Nd4 26. Bxd4 cxd4 27. Kh1 fxe4 28. dxe4 d5 29. Na3 Rb7 30. Rad1 dxe4 31. Bxe4 Bxe4 32. Qxe4 Qh4 33. Rd3 Rbf7 34. Nc4 Rf5 35. Rg1 Rxh5 36. Qg6 Rh7 37. Rg2 Qf6 38. Qxf6 gxf6 39. b4 f5 40. b5 axb5 41. axb5 Rd7 42. f3 e4 43. fxe4 fxe4 44. Rd1 d3 45. b6 e3 46. Rgg1 e2 47. Ra1 d2 48. Nxd2 Bxd2 49. Ra7 Rxa7 50. bxa7 e1=Q 51. Rxe1 Bxe1 52. b3 Bf2 53. a8=Q Rxa8 54. Kg2 Bc5 55. Kf3 Rb8 56. Ke4 Rxb3 57. Kd5 Rxh3 58. Kxc5 Kg7 59. Kd4 Kf6 60. Ke4 Rh4+ 61. Kf3 Kf5 62. Kg3 Ra4 63. Kf3 Ra3+ 64. Ke2 Ke4 65. Kd2 Rb3 66. Kc2 Rb5 67. Kc3 Rc5+ 68. Kb4 Kd4 69. Kb3 Rb5+ 70. Kc2 Rb4 71. Kc1 Kd3 72. Kd1 Rb1# 0-1


[Site "https://www.chess.com"]

[Event "Titled Tuesday Blitz May 16 Late 2023"]
[White "OPQRC"]
[Black "Xavier_mompel"]
[WhiteElo "2548"]
[BlackElo "2213"]
[Result "1-0"]
[Round "05"]
[TimeControl "180+2"]
[Date "2023.05.16"]
[WhiteClock "0:00:13"]
[BlackClock "0:00:00"]

1. e4 c5 2. Nf3 e6 3. b3 Nf6 4. e5 Nd5 5. Bb2 Nc6 6. Nc3 Nxc3 7. dxc3 d6 8. exd6 Bxd6 9. Bd3 O-O 10. Qe2 Qe7 11. O-O-O a6 12. h4 h6 13. Kb1 b5 14. Qe4 f5 15. Qxc6 Bb7 16. Qb6 Bxf3 17. gxf3 Rfb8 18. Qa5 c4 19. bxc4 b4 20. Ka1 Bc7 21. Qa4 Be5 22. Rhe1 bxc3 23. Ba3 Qf6 24. c5 Rc8 25. Qc4 Kf7 26. f4 Bc7 27. Re2 Re8 28. Qa4 Re7 29. c6 Ree8 30. Rde1 Rad8 31. Bc4 Rd4 32. Qb3 Rxc4 33. Qxc4 1-0


[Site "https://www.chess.com"]

[Event "Titled Tuesday Blitz May 16 Late 2023"]
[White "Pappelis, Dimitrios"]
[Black "Shubin, Daniel"]
[WhiteFideId "4215281"]
[BlackFideId "30936470"]
[WhiteElo "2104"]
[BlackElo "2040"]
[Result "0-1"]
[Round "05"]
[TimeControl "180+2"]
[Date "2023.05.16"]
[WhiteClock "0:00:00"]
[BlackClock "0:01:34"]

1. e4 e6 2. d3 d5 3. Nd2 Nf6 4. Ngf3 Bc5 5. e5 Nfd7 6. d4 Be7 7. Bd3 c5 8. c3 Nc6 9. O-O Qb6 10. Re1 cxd4 11. cxd4 Nxd4 12. Nxd4 Qxd4 13. Nf3 Qb6 14. Bg5 Qd8 15. Bxe7 Qxe7 16. Rc1 O-O 17. h4 Nc5 18. Bxh7+ Kxh7 19. Ng5+ Kh6 20. Qd4 Ne4 21. Nxe4 dxe4 22. Qxe4 g6 23. Re3 Bd7 24. Rc7 Rac8 25. Rxb7 Rc1+ 26. Kh2 Kg7 27. Rxa7 Qd8 28. Rd3 Bc6 29. Rxd8 Bxe4 30. Rxf8 Kxf8 31. b4 Bd5 32. a4 Rc2 33. Kg3 Rc3+ 34. Kh2 Rc4 35. b5 Rxh4+ 36. Kg3 Rb4 37. f3 Bb3 0-1


[Site "https://www.chess.com"]

[Event "Titled Tuesday Blitz May 16 Late 2023"]
[White "Winkels, Marcel"]
[Black "nicolasulaneobelassi"]
[WhiteFideId "1003887"]
[WhiteElo "1900"]
[BlackElo "2408"]
[Result "0-1"]
[Round "05"]
[TimeControl "180+2"]
[Date "2023.05.16"]
[WhiteClock "0:00:09"]
[BlackClock "0:00:38"]

1. d4 Nf6 2. Nc3 d5 3. Bf4 c5 4. e4 Nxe4 5. Nxe4 dxe4 6. dxc5 Qa5+ 7. c3 Qxc5 8. Qa4+ Nc6 9. Qxe4 e5 10. Be3 Qa5 11. Nf3 Be7 12. Bd3 f5 13. Qc4 e4 14. Nd4 Nxd4 15. Bxd4 exd3 16. Bxg7 Rf8 17. Bxf8 Qe5+ 18. Kf1 Qe2+ 19. Kg1 Kxf8 20. h3 Be6 21. Qd4 Kf7 22. Kh2 Rd8 23. Qxa7 Bd6+ 24. g3 Bd5 25. Rhg1 d2 26. Qb6 Rd7 27. Rad1 Bc6 28. Qd4 Bxg3+ 29. Kxg3 Rxd4 30. cxd4 Qf3+ 31. Kh2 Qxf2+ 0-1


[Site "https://www.chess.com"]

[Event "Titled Tuesday Blitz May 16 Late 2023"]
[White "Manon-og, Ramon Jr."]
[Black "Fuentes Godoy, Lilia Ivonne"]
[WhiteFideId "5200776"]
[BlackFideId "5104130"]
[WhiteElo "2354"]
[BlackElo "2096"]
[Result "0-1"]
[Round "05"]
[TimeControl "180+2"]
[Date "2023.05.16"]
[WhiteClock "0:00:00"]
[BlackClock "0:00:07"]

1. e4 c5 2. Nf3 Nc6 3. d4 cxd4 4. Nxd4 e5 5. Nb3 Nf6 6. Nc3 Be7 7. Bd3 O-O 8. Bd2 d6 9. O-O a6 10. Qe2 b5 11. Rad1 Qb6 12. Rfe1 Bg4 13. Qf1 Bxd1 14. Rxd1 Rac8 15. Nd5 Qb7 16. Nxe7+ Qxe7 17. Bg5 Nb4 18. a3 Nxc2 19. Rc1 Nd4 20. Nxd4 exd4 21. Rd1 h6 22. Bh4 g5 23. Bg3 Rfe8 24. Qe2 d5 25. Re1 dxe4 26. Bc2 d3 27. Qd2 Rxc2 28. Qb4 Qxb4 29. axb4 Rec8 30. Be5 Ng4 31. Bd4 Rc1 32. g3 Rxe1+ 33. Kg2 Rcc1 34. Kh3 f5 0-1


[Site "https://www.chess.com"]

[Event "Titled Tuesday Blitz May 16 Late 2023"]
[White "Slavin, Alexey"]
[Black "Tarnowska, Aleksandra"]
[WhiteFideId "24104388"]
[BlackFideId "1180967"]
[WhiteElo "2264"]
[BlackElo "1776"]
[Result "1-0"]
[Round "05"]
[TimeControl "180+2"]
[Date "2023.05.16"]
[WhiteClock "0:00:21"]
[BlackClock "0:00:00"]

1. e4 c5 2. g3 e6 3. Bg2 Nc6 4. Ne2 Nf6 5. O-O d5 6. exd5 exd5 7. d4 cxd4 8. Nxd4 Be7 9. Nc3 O-O 10. Bf4 Bg4 11. Qd3 Nb4 12. Qd2 Rc8 13. h3 Bh5 14. Nf5 Bg6 15. Nxe7+ Qxe7 16. a3 Nxc2 17. Rac1 d4 18. Nb5 Qc5 19. a4 Rfd8 20. Bxb7 d3 21. Bxc8 Qxc8 22. Kh2 Ne4 23. Qa5 Nc5 24. Nxa7 Qd7 25. Qxc5 d2 26. Bxd2 Qxd2 27. Nc6 Rf8 28. Ne7+ Kh8 29. Nxg6+ hxg6 30. Qxc2 Qd4 31. a5 Qa7 32. b4 Rb8 33. Qc5 Qb7 34. Rb1 Kh7 35. b5 Qf3 36. b6 f6 37. a6 g5 38. a7 Rh8 39. b7 Kg6 40. Qc2+ Kf7 41. b8=Q g4 42. Qxh8 1-0


[Site "https://www.chess.com"]

[Event "Titled Tuesday Blitz May 16 Late 2023"]
[White "Sailer, Mike"]
[Black "Weber, Samuel"]
[WhiteFideId "2012901"]
[BlackFideId "12924008"]
[WhiteElo "2109"]
[BlackElo "2162"]
[Result "0-1"]
[Round "05"]
[TimeControl "180+2"]
[Date "2023.05.16"]
[WhiteClock "0:00:04"]
[BlackClock "0:02:10"]

1. d4 d5 2. Bg5 f6 3. Bd2 Be6 4. Nc3 Bf7 5. e4 c6 6. Bd3 dxe4 7. Nxe4 Qxd4 8. Nf3 Qd8 9. Qe2 e5 10. O-O-O Nd7 11. Bc4 Bd5 12. Nc3 Nb6 13. Nxd5 cxd5 14. Bb5+ Kf7 15. g4 Bd6 16. Nh4 Ne7 17. f3 a6 18. Bd3 Rc8 19. Kb1 Qc7 20. Ba5 Qc5 21. Bxb6 Qxb6 22. Bf5 Ba3 23. b3 Rc3 24. f4 e4 25. Qd2 Rhc8 26. Qd4 Qxd4 27. Rxd4 R8c5 28. Rhd1 g6 29. Bd7 Rxc2 30. R4d2 Rc1+ 31. Rxc1 Rxc1# 0-1


[Site "https://www.chess.com"]

[Event "Titled Tuesday Blitz May 16 Late 2023"]
[White "Goswami, Vedant"]
[Black "KSho99"]
[WhiteFideId "5003725"]
[WhiteElo "2011"]
[BlackElo "2145"]
[Result "1-0"]
[Round "05"]
[TimeControl "180+2"]
[Date "2023.05.16"]
[WhiteClock "0:00:55"]
[BlackClock "0:00:17"]

1. d4 d5 2. Bf4 Nf6 3. e3 c5 4. c3 cxd4 5. exd4 Nc6 6. Nf3 Bg4 7. Nbd2 e6 8. Bb5 Bd6 9. Bxd6 Qxd6 10. O-O O-O 11. Bxc6 Qxc6 12. Qb3 Bh5 13. Ne5 Qb6 14. Qxb6 axb6 15. a3 Rfc8 16. Rfe1 b5 17. Rac1 Rc7 18. f3 Nd7 19. h4 Nxe5 20. Rxe5 Bg6 21. h5 Bd3 22. Re3 Bc4 23. b3 Rxa3 24. bxc4 bxc4 25. Rb1 h6 26. Kf2 Kf8 27. g4 Ke7 28. f4 Kf6 29. Nf3 Ra2+ 30. Re2 Ra3 31. Rc2 Ke7 32. Ke3 f6 33. Kd2 Kd6 34. Rcb2 Ra7 35. Rb6+ Kd7 36. R1b2 Ke7 37. Nh4 Kf7 38. Ng6 Rd7 39. Nh4 Rc7 40. Nf3 Rd7 41. Ne1 Rc7 42. Nc2 Rd7 43. Ne3 Rc7 44. f5 e5 45. Nxd5 Rd7 46. Ne3 exd4 47. Nxc4 dxc3+ 48. Kxc3 Rc7 49. Rxb7 Raxb7 50. Rxb7 Rxb7 51. Nd6+ Ke7 52. Nxb7 Kd7 53. Kd4 Ke7 54. Kd5 Kf7 55. Nd6+ Kf8 56. Ke6 Kg8 57. Ne4 1-0


[Site "https://www.chess.com"]

[Event "Titled Tuesday Blitz May 16 Late 2023"]
[White "Alexikov, Alexander"]
[Black "Joubert, Dantelle"]
[WhiteFideId "14103958"]
[BlackFideId "14310813"]
[WhiteElo "2186"]
[BlackElo "1507"]
[Result "0-1"]
[Round "05"]
[TimeControl "180+2"]
[Date "2023.05.16"]
[WhiteClock "0:00:00"]
[BlackClock "0:00:11"]

1. e4 c5 2. Nf3 d6 3. d4 cxd4 4. Nxd4 Nf6 5. Nc3 g6 6. Be2 Bg7 7. O-O O-O 8. Nb3 Nc6 9. Be3 Be6 10. Kh1 Ne5 11. f4 Nc4 12. Bc1 Rc8 13. Nd4 Bd7 14. b3 Na5 15. Bb2 a6 16. Qd3 b5 17. a3 Qc7 18. Rad1 Bg4 19. Nf3 Rfd8 20. Rd2 Nb7 21. b4 Bxf3 22. Bxf3 e6 23. Nd1 Nd7 24. Bxg7 Kxg7 25. Ne3 Nb6 26. g4 Qc3 27. g5 Qxd3 28. cxd3 Rc3 29. Ra1 Rdc8 30. Kg2 Na4 31. Kf2 Kf8 32. Ke2 Ke7 33. f5 Rc1 34. Rxc1 Rxc1 35. f6+ Kd7 36. e5 d5 37. Nxd5 exd5 38. Bxd5 Nc3+ 39. Kf3 Nxd5 40. Ke4 Ke6 41. d4 Rc3 42. Re2 Rxa3 43. h4 Nc3+ 44. Kf3 Nxe2+ 45. Kxe2 Rh3 46. Kd2 Rxh4 47. Ke3 Kd5 48. Kd3 Rxd4+ 49. Kc3 Rc4+ 50. Kb3 Re4 0-1


[Site "https://www.chess.com"]

[Event "Titled Tuesday Blitz May 16 Late 2023"]
[White "Vargas, Mauricio"]
[Black "Einarsson, Halldor Gretar"]
[WhiteFideId "4404572"]
[BlackFideId "2300150"]
[WhiteElo "1986"]
[BlackElo "2110"]
[Result "0-1"]
[Round "05"]
[TimeControl "180+2"]
[Date "2023.05.16"]
[WhiteClock "0:00:00"]
[BlackClock "0:00:41"]

1. e4 c5 2. Nc3 Nc6 3. f4 g6 4. Nf3 Bg7 5. g3 e6 6. Bg2 Nge7 7. O-O d5 8. e5 O-O 9. d3 f6 10. Qe1 Nf5 11. g4 Nfd4 12. Rf2 Nxf3+ 13. Bxf3 fxe5 14. fxe5 Nxe5 15. Be2 Rxf2 16. Qxf2 Nc6 17. Kh1 Nd4 18. Bf1 e5 19. Be3 Bxg4 20. Bg2 Be6 21. Re1 Qd7 22. Qd2 Rf8 23. Nd1 b6 24. c3 Nf3 25. Bxf3 Rxf3 26. Bg5 Qf7 27. Rg1 Rf1 28. Qg2 Rxg1+ 29. Qxg1 Qf3+ 30. Qg2 Qxd1+ 31. Qg1 Qxg1+ 32. Kxg1 Bf5 33. c4 d4 34. Bd8 Bxd3 35. b3 e4 36. Bc7 e3 37. Bb8 Bf6 38. Bg3 Be2 39. Be1 d3 40. b4 Bd4 41. bxc5 bxc5 42. a4 Bf3 0-1


[Site "https://www.chess.com"]

[Event "Titled Tuesday Blitz May 16 Late 2023"]
[White "Makarian, Rudik"]
[Black "Andreikin, Dmitry"]
[WhiteFideId "44105681"]
[BlackFideId "4158814"]
[WhiteElo "2461"]
[BlackElo "2736"]
[Result "1-0"]
[Round "06"]
[TimeControl "180+2"]
[Date "2023.05.16"]
[WhiteClock "0:00:23"]
[BlackClock "0:00:55"]

1. d4 Nf6 2. c4 e6 3. Nf3 d5 4. g3 Bb4+ 5. Bd2 Be7 6. Bg2 O-O 7. Qc2 c6 8. O-O b6 9. Bf4 Ba6 10. Nbd2 Nbd7 11. Rfe1 Nh5 12. Be5 Nhf6 13. e4 Rc8 14. Rad1 c5 15. exd5 exd5 16. Qf5 dxc4 17. d5 Nxe5 18. Nxe5 Bd6 19. Ndxc4 Bxc4 20. Nxc4 b5 21. Ne5 Re8 22. Nc6 Qa5 23. Rxe8+ Rxe8 24. Bf3 Qxa2 25. g4 h6 26. h4 Qxb2 27. g5 hxg5 28. hxg5 Nh7 29. Qd7 Re5 30. Qxd6 Rxg5+ 31. Kf1 Nf6 32. Ne7+ Kh8 33. Qb8+ Kh7 34. Qh2+ Nh5 35. Bxh5 1-0


[Site "https://www.chess.com"]

[Event "Titled Tuesday Blitz May 16 Late 2023"]
[White "Bortnyk, Olexandr"]
[Black "Volkov, Maksim"]
[WhiteFideId "14120828"]
[BlackFideId "54123070"]
[WhiteElo "2734"]
[BlackElo "2297"]
[Result "1-0"]
[Round "06"]
[TimeControl "180+2"]
[Date "2023.05.16"]
[WhiteClock "0:02:43"]
[BlackClock "0:02:04"]

1. d4 d5 2. Nc3 Nf6 3. Bf4 a6 4. e3 e6 5. a3 c5 6. Nf3 Nc6 7. h3 Bd6 8. dxc5 Bxc5 9. Bd3 h6 10. O-O O-O 11. e4 dxe4 12. Nxe4 Nxe4 13. Bxe4 Qf6 14. Qc1 Nd4 15. Nxd4 Bxd4 16. c3 Be5 17. Bxe5 Qxe5 18. Qe3 Rb8 19. Bh7+ 1-0


[Site "https://www.chess.com"]